 Dungeon Crawl Stone Soup version 0.26-a0-478-g6c97825307 (webtiles) character file.

Game seed: 11206916514567689899

13860 pantherbaby0 the Fighter (level 11, -3/92 HPs)
             Began as a Demonspawn Fighter on Aug 1, 2020.
             Was a High Priest of Qazlal.
             Killed by divine providence
             ... invoked by an orc priest
              (15 damage)
             ... on level 2 of the Orcish Mines.
             The game lasted 00:33:53 (11013 turns).

pantherbaby0 the Fighter (Demonspawn Fighter)      Turns: 11013, Time: 00:33:55

Health: -3/92      AC:  8    Str: 25    XL:     11   Next: 81%
Magic:  13/13      EV: 19    Int: 11    God:    Qazlal [*****.]
Gold:   405        SH: 18    Dex: 12    Spells: 10/10 levels left

rFire    . . .     SeeInvis .   a - +5 short sword (freeze)
rCold    + . .     Faith    .   c - +0 kite shield
rNeg     . . .     Spirit   .   P - +0 crystal plate armour
rPois    .         Reflect  .   L - +0 helmet
rElec    .         Harm     .   (no cloak)
rCorr    .                      (no gloves)
MR       .....                  (no boots)
Stlth    ..........             g - amulet of the acrobat
HPRegen  6.25/turn              m - ring of protection from cold
MPRegen  0.13/turn              B - +6 ring of strength

@: protected from physical damage, corroded, acrobat, drained, repel missiles
A: talons 2, rugged brown scales 1, demonic guardian 2, powered by death 3
a: Upheaval, Elemental Force, Disaster Area, Renounce Religion


You were on level 2 of the Orcish Mines.
You worshipped Qazlal.
Qazlal was extremely pleased with you.
You visited 3 branches of the dungeon, and saw 12 of its levels.

You collected 799 gold pieces.
You spent 394 gold pieces at shops.

Inventory:

Hand Weapons
 a - a +5 short sword of freezing (weapon)
 F - a +2 dagger of speed
Missiles
 f - 27 poisoned darts (quivered)
 A - 84 sling bullets
 I - 2 silver javelins
Armour
 c - a +0 kite shield (worn)
 G - the +3 leather armour "Wadagah" {Str+3}
   (You found it on level 6 of the Dungeon)

   It affects your strength (+3).
 J - a +2 leather armour of cold resistance
 L - a +0 helmet (worn)
 P - a +0 crystal plate armour (worn)
Jewellery
 g - an amulet of the acrobat (around neck)
 l - an uncursed ring of ice
 m - a ring of protection from cold (left hand)
 w - an uncursed ring of ice
 B - a +6 ring of strength (right hand)
 E - an uncursed amulet of guardian spirit
 O - a +4 ring of protection
Wands
 j - a wand of acid (8)
 v - a wand of random effects (12)
 x - a wand of digging (6)
 H - a wand of disintegration (26)
 N - a wand of enslavement (10)
Scrolls
 i - 4 scrolls of blinking
 n - a scroll of teleportation
 o - 4 scrolls of random uselessness
 p - 3 scrolls of remove curse
 r - a scroll of identify
 s - 3 scrolls of amnesia
 t - 2 scrolls of enchant weapon
 y - a scroll of enchant armour {unknown}
 C - a scroll of brand weapon {unknown}
 K - 3 scrolls of magic mapping
 M - 3 scrolls of summoning {unknown}
Potions
 b - 3 potions of stabbing
 d - 2 potions of might
 e - 4 potions of ambrosia
 h - 3 potions of lignification
 k - 10 potions of curing
 q - a potion of mutation
 z - a potion of resistance
 D - a potion of heal wounds {unknown}
Miscellaneous
 Q - a tin of tremorstones (1/3)


   Skills:
 + Level 9.7(9.0) Fighting
 + Level 8.9(8.3) Short Blades
 - Level 1.6(1.0) Throwing
 + Level 9.2(8.6) Armour
 - Level 1.2(0.7) Dodging
 + Level 9.1(8.5) Shields
 + Level 3.0(2.4) Invocations
 + Level 2.0(1.4) Evocations


You had 10 spell levels left.
You didn't know any spells.
Your spell library contained the following spells:

 Spells                   Type           Power        Failure   Level
 Confusing Touch          Hex            #.......     100%        3
 Gell's Gravitas          Tloc           #.........   100%        3
 Petrify                  Tmut/Erth      #.......     100%        4
 Metabolic Englaciation   Hex/Ice        #.........   100%        5
 Yara's Violent Unravell  Hex/Tmut       #.........   100%        5


Dungeon Overview and Level Annotations

Branches:
Dungeon (9/15)             Temple (1/1) D:5             Orc (2/2) D:9
   Lair: D:8-11         Elf: Orc:2

Altars:
Ashenzari
Cheibriados
Dithmenos
Elyvilon
Fedhas
Gozag
Hepliaklqana
Kikubaaqudgha
Makhleb
Nemelex Xobeh
Okawaru
Qazlal
Ru
Sif Muna
Trog
Uskayaw
Vehumet
Wu Jian
Xom
Yredelemnul
Zin
The Shining One
Beogh

Shops:
D:8 ?[((?   Orc:2 ==


Innate Abilities, Weirdness & Mutations

You have razor-sharp toenails.
You are partially covered in rugged brown scales. (AC +1, +3% HP)
A demonic guardian rushes to your aid.
You regenerate a lot of health from kills.


Message History

The orc warrior throws a boomerang.
The boomerang hits your soul eater!
The weapon returns to the orc warrior!
The orc priest calls upon Beogh to heal the orc wizard.
The orc wizard is healed somewhat.
The soul eater is struck by lightning.
The soul eater barely misses your soul eater.
The orc sorcerer hits you but does no damage.
The orc priest looks braver for a moment.
An orc warlord comes into view.
It is wielding a +0 bardiche and wearing a +2 plate armour of fire resistance.
The orc warlord shouts!
The orc wizard points at you and mumbles some strange words.
The magic dart hits you.
You feel more protected from physical attacks.
* * * LOW HITPOINT WARNING * * *
The orc warrior throws a boomerang.
You block the boomerang.
The weapon returns to the orc warrior!
The orc warlord roars a battlecry!
The orc goes into a battle-frenzy!
The orc priest invokes the aid of Beogh against you.
Beogh smites you!
You die...

........# #)4oo4.#
##o.o..# ###..4..#
####...o..# 8
##...3o.°.##
o..#...o3°○.##
....o....°.##
.......@..##
8.8..☼..### ......###
.....# ..... 8.8. ...
#########+###########
..#[..##.##...#.)..#


You could see an orc warlord, a soul eater (summoned), an orc high priest, a
rust devil (summoned), an orc sorcerer, a red devil (summoned), 2 orc warriors,
2 orc priests, an orc wizard (fast), an orc (strong) and a friendly soul eater
(summoned).

Vanquished Creatures
  2 orc knights (Orc:2)
  2 orc sorcerers (Orc:2)
  8 trolls
  2 hippogriffs
  A water moccasin (D:9)
  17 orc warriors
  A black bear (D:7)
  14 ogres
  3 phantoms
  4 centaurs
  A big kobold (D:8)
  6 bullfrogs
  4 scorpions
  7 killer bees (D:9)
  2 howler monkeys
  A bullfrog zombie (D:5)
  13 orc wizards
  5 hounds
  14 orc priests
  4 jellies
  2 bullfrog skeletons
  2 centaur skeletons (D:5)
  6 iguanas
  Ijyb (D:3)
  9 worker ants
  3 hound skeletons
  2 worker ant zombies
  A gnoll (D:1)
  14 adders
  2 shadow imps
  4 white imps
  2 ufetubi (D:8)
  An ooze (D:4)
  2 adder zombies
  2 worms
  A dart slug (D:3)
  6 leopard geckos
  60 orcs
  9 giant cockroaches
  7 goblins
  3 hobgoblins
  9 jackals
  10 kobolds
  3 quokkas
  8 bats
  3 frilled lizards
  A jackal skeleton (D:5)
  A jackal zombie (D:8)
  A leopard gecko zombie (D:8)
  2 quokka zombies
  4 rats
292 creatures vanquished.

Vanquished Creatures (collateral kills)
  An orc warlord (Orc:1)
  Harold (D:8)
  A two-headed ogre (Orc:1)
  An orc knight (Orc:2)
  2 orc sorcerers (Orc:2)
  3 trolls
  3 yaks (D:9)
  A warg (Orc:2)
  2 black bears (D:9)
  3 orc warriors (Orc:2)
  An ice beast (D:5)
  A necrophage (D:4)
  3 ogres
  3 killer bees (D:9)
  A howler monkey (D:4)
  A hound (D:4)
  2 orc priests
  3 orc wizards
  A hound zombie (D:5)
  A howler monkey zombie (D:5)
  2 adders (D:3)
  A shadow imp (D:9)
  A leopard gecko (D:3)
  12 orcs
  A jackal (D:4)
52 creatures vanquished.

Grand Total: 344 creatures vanquished

Notes
Turn   | Place    | Note
-------+----------+-------------------------------------------
     0 | D:1      | pantherbaby0 the Demonspawn Fighter began the quest for the
                  | Orb.
     0 | D:1      | Reached XP level 1. HP: 18/18 MP: 1/1
   210 | D:1      | Gained mutation: You regenerate a little health from kills.
                  | [demonic ancestry]
   210 | D:1      | Reached XP level 2. HP: 23/24 MP: 2/2
   890 | D:2      | Gained mutation: A weak demonic guardian rushes to your
                  | aid. [demonic ancestry]
   890 | D:2      | Reached XP level 3. HP: 29/29 MP: 3/3
  1906 | D:3      | Gained mutation: You regenerate health from kills. [demonic
                  | ancestry]
  1906 | D:3      | Reached XP level 4. HP: 21/35 MP: 4/4
  2413 | D:3      | Noticed Ijyb
  2427 | D:3      | Killed Ijyb
  2451 | D:3      | Gained mutation: You are partially covered in rugged brown
                  | scales. (AC +1, +3% HP) [demonic ancestry]
  2451 | D:3      | Reached XP level 5. HP: 34/42 MP: 5/5
  2939 | D:4      | Noticed an ogre
  2987 | D:4      | Noticed a phantom
  3055 | D:4      | Killed a phantom
  3090 | D:4      | Gained mutation: A demonic guardian rushes to your aid.
                  | [demonic ancestry]
  3090 | D:4      | Reached XP level 6. HP: 39/48 MP: 6/6
  3121 | D:4      | Reached skill level 1 in Dodging
  3249 | D:4      | Reached skill level 1 in Throwing
  3498 | D:4      | Gained mutation: You have sharp toenails. [demonic
                  | ancestry]
  3498 | D:4      | Reached XP level 7. HP: 38/54 MP: 7/7
  3960 | D:5      | Entered Level 5 of the Dungeon
  4331 | D:5      | Reached skill level 5 in Armour
  4431 | D:5      | Reached XP level 8. HP: 62/62 MP: 8/8
  4478 | D:5      | Reached skill level 5 in Shields
  4652 | D:5      | Found a staircase to the Ecumenical Temple.
  4664 | Temple   | Entered the Ecumenical Temple
  4742 | Temple   | Became a worshipper of Qazlal Stormbringer
  4844 | D:6      | Noticed a hippogriff
  4850 | D:6      | Killed a hippogriff
  4850 | D:6      | Reached skill level 5 in Fighting
  5142 | D:6      | Found a sacrificial altar of Ru.
  5160 | D:6      | Reached skill level 5 in Short Blades
  5285 | D:6      | Got a crude leather armour
  5733 | D:6      | Reached * piety under Qazlal
  6155 | D:7      | Reached XP level 9. HP: 71/71 MP: 9/9
  6172 | D:7      | Identified the +3 leather armour "Wadagah" {Str+3} (You
                  | found it on level 6 of the Dungeon)
  6534 | D:7      | Noticed a troll
  6539 | D:7      | Killed a troll
  6922 | D:8      | Reached ** piety under Qazlal
  6950 | D:8      | Found Ceojew's Weapon Boutique.
  6971 | D:8      | Found Faugg's Armour Emporium.
  7083 | D:8      | Found Qomow's Magic Scroll Boutique.
  7090 | D:8      | Bought 2 scrolls of identify for 60 gold pieces
  7090 | D:8      | Bought a scroll of magic mapping for 52 gold pieces
  7090 | D:8      | Bought a scroll of identify for 30 gold pieces
  7154 | D:8      | Found Kuxor's Antique Weapon Emporium.
  7330 | D:8      | Noticed Harold
  7331 | D:8      | Found Raghaosi's Magic Scroll Boutique.
  7339 | D:8      | Killed Harold
  7353 | D:8      | Bought a scroll of identify for 24 gold pieces
  7353 | D:8      | Bought a scroll of identify for 24 gold pieces
  7353 | D:8      | Bought a scroll of identify for 24 gold pieces
  7353 | D:8      | Bought a scroll of enchant weapon for 90 gold pieces
  7353 | D:8      | Bought a scroll of blinking for 90 gold pieces
  7414 | D:9      | Noticed a troll
  7414 | D:9      | Noticed a troll
  7425 | D:8      | Killed a troll
  7700 | D:9      | Found a hide-covered altar of Uskayaw.
  7731 | D:9      | Gained mutation: You regenerate a lot of health from kills.
                  | [demonic ancestry]
  7731 | D:9      | Reached XP level 10. HP: 81/81 MP: 10/10
  7773 | D:9      | Found a burning altar of Makhleb.
  7773 | D:9      | Noticed an Executioner
  7790 | D:9      | Reached *** piety under Qazlal
  8478 | D:9      | Found a staircase to the Orcish Mines.
  8584 | Orc:1    | Entered Level 1 of the Orcish Mines
  8679 | Orc:1    | Noticed a two-headed ogre
  8687 | Orc:1    | Killed a two-headed ogre
  8765 | Orc:2    | Entered Level 2 of the Orcish Mines
  8783 | Orc:1    | Reached **** piety under Qazlal
  8865 | Orc:2    | Gained mutation: You have razor-sharp toenails. [demonic
                  | ancestry]
  8865 | Orc:2    | Reached XP level 11. HP: 89/89 MP: 11/11
  9040 | Orc:2    | Noticed an orc sorcerer
  9041 | Orc:2    | Noticed an orc warlord
  9050 | Orc:2    | Noticed an orc knight
  9080 | Orc:1    | Reached ***** piety under Qazlal
  9332 | Orc:1    | HP: 3/89 [orc warlord/+0 great mace (4)]
  9333 | Orc:1    | Killed an orc warlord
  9946 | Orc:2    | Paralysed by an orc sorcerer for 7 turns
  9953 | Orc:2    | Killed an orc sorcerer
  9954 | Orc:2    | Killed an orc knight
 10472 | Orc:2    | Found a roughly hewn altar of Beogh.
 10472 | Orc:2    | Noticed an orc knight
 10473 | Orc:2    | Found Tewen's Jewellery Emporium.
 10492 | Orc:2    | Killed an orc knight
 10492 | Orc:2    | Reached skill level 1 in Invocations
 10494 | Orc:2    | Found Masid's Jewellery Shoppe.
 10601 | Orc:2    | Noticed an orc sorcerer
 10601 | Orc:2    | Noticed an orc knight
 10604 | Orc:2    | Reached skill level 1 in Evocations
 10610 | Orc:2    | Killed an orc sorcerer
 10616 | Orc:2    | Killed an orc knight
 10657 | Orc:2    | Noticed an orc sorcerer
 10660 | Orc:2    | Killed an orc sorcerer
 10977 | Orc:2    | Noticed an orc sorcerer
 10977 | Orc:2    | Noticed an orc sorcerer
 11001 | Orc:2    | Killed an orc sorcerer
 11005 | Orc:2    | Noticed an orc high priest
 11006 | Orc:2    | Noticed an orc sorcerer
 11009 | Orc:2    | Noticed a soul eater
 11011 | Orc:2    | HP: 1/92 [orc warrior/+0 halberd (17)]
 11013 | Orc:2    | Noticed an orc warlord
 11013 | Orc:2    | Killed from afar by an orc priest

Illustrated notes

Levels and vault maps discovered:
D:1:      giann_wishing_wells, layout_loops_ring
D:2:      layout_basic, chequers_serial_rivers_micro_b
D:3:      layout_basic, uniq_ijyb
D:4:      layout_cave_pods
D:5:      minmay_inner_zag, layout_rooms, minmay_temple_entry_enclosed_plants
D:6:      layout_gridville, nicolae_ru_sacrificial_ziggurat
D:7:      layout_cave_pods, lemuel_flame_loot_1
D:8:      layout_rooms, serial_shops, kennysheep_mini, nicolae_shop_stone, shop,
          nicolae_shop_competitors_out_of_business, shop, minmay_parallelograms,
          uniq_harold
D:9:      layout_loops_cross, eat_drink_and_be_merry_uskayaw, orc_0_dummy,
          makhleb_altar_promises_db
Temple:   dpeg_three_leaves_temple
Orc:1:    layout_diamond_mine
Orc:2:    pubby_orc_utopia

Skill      XL: |  1  2  3  4  5  6  7  8  9 10 11 |
---------------+----------------------------------+-----
Shields        | 3 4 6 7 8 9 |  9.1
Short Blades   | 2 3 4 5 6 8 |  8.9
Armour         | 3 4 5 6 7 8 9 |  9.2
Dodging        | 1 |  1.2
Throwing       | 1 |  1.6
Fighting       | 4 5 7 8 9 |  9.7
Invocations    | 3 |  3.0
Evocations     | 2 |  2.0

Action                   |  1- 3 |  4- 6 |  7- 9 | 10-12 || total
-------------------------+-------+-------+-------+-------++-------
Melee: Rapier            |   138 |   187 |   354 |       ||   679
       Kick              |       |       |   172 |   137 ||   309
       Dagger            |       |       |   112 |       ||   112
       Short sword       |       |       |    19 |   427 ||   446
Throw: Dart              |     6 |    21 |    29 |    22 ||    78
Evoke: Wand              |       |       |       |     2 ||     2
       Tin of tremorston |       |       |       |     2 ||     2
  Use: Scroll            |     2 |     2 |    12 |     4 ||    20
       Potion            |     1 |       |       |     2 ||     3
 Stab: Distracted        |       |       |       |     1 ||     1
Armor: Scale mail        |    25 |       |       |       ||    25
       Chain mail        |    56 |    98 |   117 |       ||   271
       Leather armour    |       |       |    26 |    27 ||    53
       Crystal plate arm |       |       |       |    97 ||    97
Dodge: Dodged            |    42 |    50 |   121 |    69 ||   282
       Repelled          |       |       |       |     1 ||     1
Block: Kite shield       |    73 |    91 |   243 |   353 ||   760

Table legend: (Time is in decaauts)
 A = Elapsed time spent in this place.
 B = Non-inter-level travel time spent in this place.
 C = Inter-level travel time spent in this place.
 D = Time resting spent in this place.
 E = Time spent auto-exploring this place.
 F = Levels seen in this place.
 G = Mean time per level.
                   A        B        C        D        E       F      G
               +--------+--------+--------+--------+--------+-----+--------+
         Total |  10912 |  10710 |    202 |   1971 |   5889 |  12 |  909.3 |
       Dungeon |   8477 |   8275 |    202 |    979 |   5143 |   9 |  941.9 |
        Temple |     81 |     81 |      0 |      0 |     65 |   1 |   81.0 |
  Orcish Mines |   2353 |   2353 |      0 |    992 |    681 |   2 | 1176.5 |
               +--------+--------+--------+--------+--------+-----+--------+

Top non-repeatable levels by time:
   Orc:2: 1294 daAuts
     D:3: 1133 daAuts
     D:6: 1111 daAuts
     D:4: 1071 daAuts
   Orc:1: 1058 daAuts
     D:2: 1016 daAuts
     D:7: 887 daAuts
     D:1: 869 daAuts
     D:9: 865 daAuts
     D:8: 824 daAuts
     D:5: 697 daAuts
  Temple: 81 daAuts
